[Event "Titled Tuesday Blitz December 13 Late 2022"]
[White "Domingo Nunez, Ruben"]
[Black "Hamedi Nia, Vesal"]
[WhiteFideId "22245570"]
[BlackFideId "12542253"]
[WhiteElo "2670"]
[BlackElo "2430"]
[Result "1-0"]
[Round "03"]
[TimeControl "180+1"]
[Date "2022.12.14"]
[WhiteClock "0:00:10"]
[BlackClock "0:00:02"]

1. b3 d5 2. Bb2 c6 3. Nf3 Nf6 4. e3 Bf5 5. Be2 e6 6. O-O Be7 7. d4 Nbd7 8. c4 h6 9. Nc3 O-O 10. Rc1 a5 11. h3 Rc8 12. Na4 Ne4 13. c5 b6 14. Ba6 Rb8 15. cxb6 Nxb6 16. Nxb6 Qxb6 17. Bd3 a4 18. Ne5 axb3 19. Nd7 Qb7 20. Nxb8 Rxb8 21. axb3 Qxb3 22. Ba1 Qa2 23. Rxc6 Bh4 24. g3 Nxg3 25. fxg3 Bxg3 26. Rc2 Qa3 27. Bxf5 Qxe3+ 28. Kg2 exf5 29. Rf3 Qe4 30. Re2 Qh4 31. Rxg3 f4 32. Rg4 Qf6 33. Rf2 Ra8 34. Rfxf4 Qe6 35. Bc3 Ra2+ 36. Rf2 Ra3 37. Qd2 h5 38. Rg3 Ra4 39. Qd3 Qc6 40. Qf5 Rc4 41. Qf6 Kh7 42. Qxg7# 1-0


[Site "https://www.chess.com"]

[Event "Titled Tuesday Blitz December 13 Late 2022"]
[White "Donskov, Anatoly"]
[Black "Rosen, Eric"]
[WhiteFideId "24143413"]
[BlackFideId "2032562"]
[WhiteElo "2411"]
[BlackElo "2632"]
[Result "1-0"]
[Round "03"]
[TimeControl "180+1"]
[Date "2022.12.14"]
[WhiteClock "0:00:30"]
[BlackClock "0:00:01"]

1. e4 c5 2. Nf3 d6 3. d4 Nf6 4. Nc3 cxd4 5. Nxd4 g6 6. Be3 Bg7 7. f3 a6 8. Qd2 h5 9. O-O-O b5 10. Kb1 Bb7 11. Be2 Nbd7 12. Nb3 Ne5 13. Bd4 Qc7 14. h3 Nc4 15. Bxc4 bxc4 16. Nc1 Rb8 17. Ka1 Ba8 18. N1e2 a5 19. g4 Qb7 20. Nd5 Nxd5 21. Bxg7 f6 22. c3 Rg8 23. exd5 Rxg7 24. Nf4 h4 25. Rhe1 Qb5 26. Re2 e5 27. Ng2 g5 28. f4 Kf8 29. fxg5 fxg5 30. Ne3 Kg8 31. Nf5 Rd7 32. Qxg5+ Kf8 33. Qf6+ Kg8 34. Qg6+ Kh8 35. Nxd6 Qb6 36. Nf7+ Rxf7 37. Qxf7 e4 38. d6 Rd8 39. d7 Bc6 40. Qf6+ Kh7 41. Rxe4 1-0


[Site "https://www.chess.com"]

[Event "Titled Tuesday Blitz December 13 Late 2022"]
[White "Droin, Augustin"]
[Black "Yoo, Christopher Woojin"]
[WhiteFideId "45105987"]
[BlackFideId "30909694"]
[WhiteElo "2316"]
[BlackElo "2463"]
[Result "1-0"]
[Round "03"]
[TimeControl "180+1"]
[Date "2022.12.13"]
[WhiteClock "0:01:00"]
[BlackClock "0:00:03"]

1. e4 c6 2. Nf3 d5 3. d3 Bg4 4. Nbd2 Nd7 5. Be2 e6 6. O-O Bd6 7. c3 Ngf6 8. Qc2 O-O 9. h3 Bh5 10. Rd1 Qc7 11. d4 e5 12. dxe5 Nxe5 13. Nd4 Bxe2 14. Nxe2 Rfe8 15. Nd4 Bc5 16. exd5 Nxd5 17. Ne4 Bb6 18. Ng5 g6 19. Ngf3 Nd7 20. Bg5 N5f6 21. Re1 Qd6 22. Rad1 Rxe1+ 23. Rxe1 Nd5 24. Qe4 N7f6 25. Qh4 Nh5 26. Nf5 Qd7 27. Nh6+ Kg7 28. Ne5 Qe6 29. Nhxf7 Re8 30. g4 Nhf4 31. Bxf4 Qxf7 32. Qh6+ Kg8 33. Nxf7 Rxe1+ 34. Kg2 Kxf7 35. Qxh7+ Kf6 36. g5+ Kf5 37. Qf7+ Ke4 38. Qe6+ Kxf4 39. Qxe1 Kxg5 40. Qe5+ Kh6 41. h4 Bc7 42. Qh8# 1-0


[Site "https://www.chess.com"]

[Event "Titled Tuesday Blitz December 13 Late 2022"]
[White "Ehlvest, Jaan"]
[Black "Jarocka, Liwia"]
[WhiteFideId "4500016"]
[BlackFideId "21807558"]
[WhiteElo "2627"]
[BlackElo "2405"]
[Result "0-1"]
[Round "03"]
[TimeControl "180+1"]
[Date "2022.12.14"]
[WhiteClock "0:00:26"]
[BlackClock "0:00:20"]

1. e4 c5 2. Nf3 d6 3. d4 cxd4 4. Nxd4 Nf6 5. Nc3 Nc6 6. Bc4 e6 7. Be3 Be7 8. Qe2 a6 9. O-O-O O-O 10. Bb3 Nxd4 11. Bxd4 Qc7 12. g4 e5 13. Be3 Bxg4 14. f3 Be6 15. Rhg1 Rfc8 16. Kb1 b5 17. Bh6 g6 18. f4 b4 19. Nd5 Bxd5 20. Rxd5 Nxd5 21. Bxd5 Bf8 22. Bxf8 Rxf8 23. f5 Qc5 24. Rg3 Kh8 25. Qd2 Qd4 26. Qe1 Rac8 27. Rd3 Qc5 28. Bb3 gxf5 29. a4 bxa3 30. Qh4 f6 31. Rg3 axb2 32. Qh6 Qc7 33. exf5 d5 34. c3 d4 0-1


[Site "https://www.chess.com"]

[Event "Titled Tuesday Blitz December 13 Late 2022"]
[White "Espinosa, Pedro"]
[Black "Reprintsev, Alexander"]
[WhiteFideId "30921066"]
[BlackFideId "14100541"]
[WhiteElo "2748"]
[BlackElo "2465"]
[Result "0-1"]
[Round "03"]
[TimeControl "180+1"]
[Date "2022.12.14"]
[WhiteClock "0:00:07"]
[BlackClock "0:00:14"]

1. d4 d5 2. c4 e5 3. dxe5 d4 4. Nf3 Nc6 5. Nbd2 a5 6. g3 Bf5 7. Nb3 Bb4+ 8. Bd2 Be7 9. Bg2 a4 10. Nc1 h5 11. h4 Nh6 12. O-O Ng4 13. Nd3 O-O 14. Re1 Re8 15. Rc1 Bf8 16. Nf4 g6 17. e6 Bxe6 18. Nxe6 Rxe6 19. Ng5 Re7 20. Bf4 Bg7 21. Bd5 Nb4 22. Bxb7 Rb8 23. Bf3 Nxa2 24. Ra1 Rxb2 25. Qxa4 Nc3 26. Qc6 Bf8 27. Ra8 Rb8 28. Rxb8 Qxb8 29. Ra1 Qe8 30. Qxe8 Rxe8 31. Bxc7 Nxe2+ 32. Bxe2 Rxe2 33. Ra8 Kg7 34. Nh3 d3 35. Nf4 d2 36. Nxe2 d1=Q+ 37. Kg2 Qxe2 38. Bb6 Qe4+ 39. Kg1 Qxa8 0-1


[Site "https://www.chess.com"]

[Event "Titled Tuesday Blitz December 13 Late 2022"]
[White "Fernandez De La Vara, Arnaldo"]
[Black "Mickiewicz, Piotr"]
[WhiteFideId "3518388"]
[BlackFideId "1114891"]
[WhiteElo "2387"]
[BlackElo "2246"]
[Result "1-0"]
[Round "03"]
[TimeControl "180+1"]
[Date "2022.12.14"]
[WhiteClock "0:00:05"]
[BlackClock "0:00:16"]

1. Nf3 c5 2. g3 g6 3. c4 Bg7 4. d4 cxd4 5. Nxd4 Nc6 6. Nc2 h5 7. h4 Nh6 8. Nc3 Nf5 9. Qd2 d6 10. b3 Be6 11. Bg2 Qa5 12. Bb2 Rb8 13. Na4 Qxd2+ 14. Kxd2 Bxb2 15. Nxb2 O-O 16. Nd3 Rfc8 17. Ndb4 Ne5 18. Rac1 b5 19. Na6 bxc4 20. Nxb8 cxb3 21. axb3 Rxb8 22. e4 Nh6 23. Nd4 Nhg4 24. f3 Nf2 25. Rhf1 Nfd3 26. Rc7 Nc5 27. f4 Nxb3+ 28. Nxb3 Nc4+ 29. Kc3 Ne3 30. Nd4 Nxg2 31. Nxe6 fxe6 32. Rxe7 Rb5 33. Rxe6 Rc5+ 34. Kd2 Ra5 35. Rxd6 Ra2+ 36. Kd3 Ra3+ 37. Kd4 Ne3 38. Rc1 1-0


[Site "https://www.chess.com"]

[Event "Titled Tuesday Blitz December 13 Late 2022"]
[White "Fernandez Garcia, Gumersindo"]
[Black "Kanakaris, Georgios"]
[WhiteFideId "24516740"]
[BlackFideId "4209460"]
[WhiteElo "2442"]
[BlackElo "2684"]
[Result "0-1"]
[Round "03"]
[TimeControl "180+1"]
[Date "2022.12.14"]
[WhiteClock "0:00:24"]
[BlackClock "0:02:08"]

1. e4 e6 2. d4 d5 3. Bd3 c5 4. exd5 exd5 5. Nf3 Nc6 6. dxc5 Bxc5 7. O-O Nge7 8. Nc3 O-O 9. Bg5 h6 10. Bh4 Bg4 11. h3 Bh5 12. Re1 Qc7 13. Bg3 Qxg3 14. Kh1 Bxf2 15. Rf1 Bxf3 16. Qxf3 Qxf3 17. gxf3 Bd4 18. Ne2 Bf6 19. Rab1 Rfe8 20. Ng3 a6 21. c3 Ne5 22. Bc2 Nc4 23. Rf2 Nc6 24. Bd3 Bh4 25. Kg2 Ne3+ 26. Kh2 Ne5 27. Be2 Nf5 0-1


[Site "https://www.chess.com"]

[Event "Titled Tuesday Blitz December 13 Late 2022"]
[White "Firouzja, Alireza"]
[Black "Milikow, Yoav"]
[WhiteFideId "12573981"]
[BlackFideId "2822237"]
[WhiteElo "2904"]
[BlackElo "2416"]
[Result "1-0"]
[Round "03"]
[TimeControl "180+1"]
[Date "2022.12.13"]
[WhiteClock "0:02:18"]
[BlackClock "0:01:42"]

1. d4 Nf6 2. c4 e6 3. Nf3 d5 4. Bg5 Be7 5. e3 O-O 6. Nc3 b6 7. Rc1 Bb7 8. Bxf6 Bxf6 9. cxd5 exd5 10. Bd3 Nd7 11. O-O a6 12. b4 Qe7 13. Qb3 Qd6 14. a4 Rfe8 15. Rc2 Rab8 16. b5 a5 17. Rfc1 Rbc8 18. h3 g6 19. Ne2 Re7 20. Nf4 Nf8 21. Rc6 Bxc6 22. Rxc6 Qb4 23. Qxb4 Bg7 24. Qxe7 1-0


[Site "https://www.chess.com"]

[Event "Titled Tuesday Blitz December 13 Late 2022"]
[White "Floresvillar Gonzalez, Luis Migu"]
[Black "Miller, Luke C"]
[WhiteFideId "5100542"]
[BlackFideId "2096935"]
[WhiteElo "2040"]
[BlackElo "2503"]
[Result "0-1"]
[Round "03"]
[TimeControl "180+1"]
[Date "2022.12.14"]
[WhiteClock "0:00:01"]
[BlackClock "0:00:06"]

1. e4 c5 2. d4 cxd4 3. c3 Nf6 4. e5 Nd5 5. Nf3 d6 6. exd6 Qxd6 7. cxd4 Nc6 8. Nc3 Bg4 9. Be2 e6 10. O-O Be7 11. h3 Bxf3 12. Bxf3 O-O 13. Nxd5 exd5 14. Re1 Bf6 15. Be3 Qb4 16. Bxd5 Nxd4 17. Bxd4 Qxd4 18. Qxd4 Bxd4 19. Bxb7 Rab8 20. Re7 Bxb2 21. Rd1 Ba3 22. Red7 Bc5 23. R1d2 g6 24. g3 Kg7 25. Kg2 Rfe8 26. Kf3 Re6 27. g4 Rbe8 28. Bd5 Rf6+ 29. Kg2 h6 30. Rc2 Bb6 31. f3 Re1 32. h4 h5 33. g5 Rf4 34. Kg3 Be3 35. Be4 Rg1+ 36. Rg2 Rxg2+ 37. Kxg2 Rxh4 38. Bd5 Rf4 39. Kf1 Rf5 40. Ke2 Bxg5 41. Rxa7 Rxd5 42. a4 Rd2+ 43. Kf1 Bf4 44. a5 h4 45. a6 h3 46. Kg1 Be3+ 0-1


[Site "https://www.chess.com"]

[Event "Titled Tuesday Blitz December 13 Late 2022"]
[White "Forgacs, Attila Jr."]
[Black "Ladan, Nicholas"]
[WhiteFideId "773654"]
[BlackFideId "30918855"]
[WhiteElo "2168"]
[BlackElo "2167"]
[Result "0-1"]
[Round "03"]
[TimeControl "180+1"]
[Date "2022.12.14"]
[WhiteClock "0:00:10"]
[BlackClock "0:01:43"]

1. e4 e5 2. Nf3 Nc6 3. Bb5 a6 4. Ba4 g6 5. c3 Bg7 6. d4 exd4 7. cxd4 b5 8. Bc2 Nge7 9. O-O O-O 10. Nc3 d6 11. Re1 Bg4 12. Be3 f5 13. h3 fxe4 14. Bxe4 Bf5 15. Bg5 Bxe4 16. Rxe4 Qd7 17. Qb3+ Kh8 18. Rae1 Nf5 19. Nd5 Ncxd4 20. Nxd4 Nxd4 21. Qd3 Qf5 22. Rxd4 Qxf2+ 23. Kh2 Qxe1 24. Rh4 Be5+ 25. Bf4 Qxh4 26. g3 Bxf4 27. Qd4+ Kg8 28. Nxf4 Qf6 29. Qd5+ Kh8 30. h4 Qxb2+ 31. Kh3 Rae8 32. Ne6 Rxe6 33. Qxe6 Qf6 34. Qe4 Qf5+ 0-1


[Site "https://www.chess.com"]

[Event "Titled Tuesday Blitz December 13 Late 2022"]
[White "Freile Martin, Javier"]
[Black "Adewumi, Tanitoluwa"]
[WhiteFideId "3600165"]
[BlackFideId "30966396"]
[WhiteElo "2356"]
[BlackElo "2500"]
[Result "1-0"]
[Round "03"]
[TimeControl "180+1"]
[Date "2022.12.14"]
[WhiteClock "0:02:14"]
[BlackClock "0:00:35"]

1. c4 e5 2. Nc3 Nc6 3. Nf3 Nf6 4. a3 d6 5. e3 g6 6. d4 Bg7 7. dxe5 Nxe5 8. Nxe5 dxe5 9. Qxd8+ Kxd8 10. b4 c6 11. Bb2 Kc7 12. c5 Re8 13. Bc4 Be6 14. Bxe6 Rxe6 15. Ke2 a5 16. Rhd1 Nd7 17. Ne4 f5 18. Nd6 b6 19. Nc4 b5 20. Rxd7+ Kxd7 21. Nb6+ Kc7 22. Nxa8+ 1-0


[Site "https://www.chess.com"]

[Event "Titled Tuesday Blitz December 13 Late 2022"]
[White "Goltsev, Dmitry"]
[Black "Bluebaum, Matthias"]
[WhiteFideId "24176710"]
[BlackFideId "24651516"]
[WhiteElo "2327"]
[BlackElo "2634"]
[Result "1-0"]
[Round "03"]
[TimeControl "180+1"]
[Date "2022.12.13"]
[WhiteClock "0:00:43"]
[BlackClock "0:00:02"]

1. e4 e6 2. d4 d5 3. exd5 exd5 4. Nf3 Nc6 5. Bd3 Nb4 6. Bb5+ c6 7. Ba4 Bd6 8. O-O Ne7 9. c3 Na6 10. Bc2 Nc7 11. Re1 O-O 12. Bg5 f6 13. Bh4 Bf5 14. Nbd2 Qd7 15. Bg3 Rae8 16. Rxe7 Bxe7 17. Bxf5 Qxf5 18. Bxc7 Bd8 19. Bxd8 Rxd8 20. Qf1 Rfe8 21. Re1 Qc2 22. Rxe8+ Rxe8 23. Qb1 Qxb1+ 24. Nxb1 g5 25. Kf1 Kf7 26. Nbd2 h5 27. Ne1 h4 28. Nd3 b6 29. Nb4 Rc8 30. Nb3 Ke6 31. Nc1 c5 32. Nc2 Kd6 33. Nd3 c4 34. Nde1 b5 35. Ke2 a5 36. Kd2 Rb8 37. a3 Rg8 38. Ne3 Ke6 39. Nf3 Rg7 40. h3 Rg8 41. Nh2 Rg7 42. Nhg4 Rg6 43. Nh2 Rg8 44. Nf3 Rg7 45. Ke2 Rg8 46. g4 Rb8 47. Nc2 Rg8 48. Nd2 f5 49. gxf5+ Kxf5 50. Ne3+ Ke6 51. Nf3 Rg7 52. Ne5 Rb7 53. Nc6 Rb6 54. Nd8+ Kd7 55. Nf7 b4 56. axb4 axb4 57. Nxd5 Re6+ 58. Ne5+ Kd6 59. Nxb4 g4 60. hxg4 h3 61. Kf1 Re8 62. Nxc4+ Ke6 63. Ne3 Kf6 64. Nd3 Kg5 65. Ne5 Kf4 66. Kg1 Ke4 67. Kh2 Rf8 68. Nf5 Rh8 69. Ng3+ Kf4 70. Nh5+ Ke4 71. Kxh3 Rb8 72. Ng3+ Kf4 73. Kg2 Rb7 74. b4 Kg5 75. d5 Kh4 76. d6 Rg7 77. d7 Rg8 78. Nc6 1-0


[Site "https://www.chess.com"]

[Event "Titled Tuesday Blitz December 13 Late 2022"]
[White "Goncalves, Davi Sulzbacher"]
[Black "Chlpik, Martin"]
[WhiteFideId "2154510"]
[BlackFideId "14923351"]
[WhiteElo "2182"]
[BlackElo "2109"]
[Result "1-0"]
[Round "03"]
[TimeControl "180+1"]
[Date "2022.12.14"]
[WhiteClock "0:00:36"]
[BlackClock "0:00:04"]

1. Nf3 c5 2. d4 cxd4 3. Nxd4 e5 4. Nf3 Nc6 5. c4 Bc5 6. e3 Nf6 7. a3 a5 8. Nc3 O-O 9. Bd3 Re8 10. Qc2 h6 11. O-O b6 12. b3 Bb7 13. Bb2 Rc8 14. Nd2 d5 15. Bf5 d4 16. Bxc8 Qxc8 17. Na4 dxe3 18. Nxc5 exf2+ 19. Rxf2 bxc5 20. Raf1 Nd4 21. Qd3 e4 22. Qg3 e3 23. Bxd4 exf2+ 24. Bxf2 Re2 25. Nf3 Ne4 26. Qf4 Nxf2 27. Rxf2 Re4 28. Qd6 Qf5 29. Qb8+ Bc8 30. Rd2 Re8 31. Qb6 Kh7 32. Qxa5 Qb1+ 33. Kf2 Qxb3 34. Qb5 Qe3+ 35. Kg3 Bf5 36. h3 Re6 37. Qb7 Rg6+ 38. Kh2 Be4 39. Qe7 Qf4+ 40. Kh1 Bxf3 41. Qe1 1-0


[Site "https://www.chess.com"]

[Event "Titled Tuesday Blitz December 13 Late 2022"]
[White "Grapsa, Georgia"]
[Black "Bilan, Danila"]
[WhiteFideId "4206436"]
[BlackFideId "24161918"]
[WhiteElo "1825"]
[BlackElo "2182"]
[Result "1-0"]
[Round "03"]
[TimeControl "180+1"]
[Date "2022.12.14"]
[WhiteClock "0:00:25"]
[BlackClock "0:00:01"]

1. e4 c6 2. d4 d5 3. f3 Qb6 4. c3 e5 5. exd5 exd4 6. cxd4 cxd5 7. Bd3 Nc6 8. Ne2 Bb4+ 9. Nbc3 Nge7 10. a3 Bd6 11. Na4 Qc7 12. g3 O-O 13. Bf4 Bxf4 14. Nxf4 Nxd4 15. Bxh7+ Kxh7 16. Qxd4 Nf5 17. Qd2 Re8+ 18. Kf2 b5 19. Rac1 Qe5 20. Rhe1 Ne3 21. Nxd5 Qh5 22. Rxe3 Qxh2+ 23. Ke1 Qg1+ 24. Ke2 Qg2+ 25. Kd1 Qf1+ 26. Kc2 Qc4+ 27. Nac3 1-0


[Site "https://www.chess.com"]

[Event "Titled Tuesday Blitz December 13 Late 2022"]
[White "Grigoriants, Sergey"]
[Black "Goryachkina, Aleksandra"]
[WhiteFideId "4130804"]
[BlackFideId "4147103"]
[WhiteElo "2502"]
[BlackElo "2484"]
[Result "1-0"]
[Round "03"]
[TimeControl "180+1"]
[Date "2022.12.13"]
[WhiteClock "0:00:03"]
[BlackClock "0:00:02"]

1. e4 c5 2. Nf3 e6 3. d4 cxd4 4. Nxd4 Nf6 5. Nc3 Nc6 6. Ndb5 Bc5 7. Bf4 O-O 8. Bc7 Qe7 9. Bd6 Bxd6 10. Qxd6 Qd8 11. Qd2 a6 12. Nd6 Ne8 13. O-O-O Nxd6 14. Qxd6 b5 15. f4 Qe7 16. Be2 Qxd6 17. Rxd6 f6 18. Bf3 Ra7 19. Rhd1 Rc7 20. a3 Kf7 21. e5 Ke7 22. Bxc6 dxc6 23. exf6+ gxf6 24. g3 c5 25. Rb6 Rd8 26. Rxd8 Kxd8 27. Ne4 Ke7 28. Nd6 Bd7 29. Ne4 f5 30. Ng5 h6 31. Nf3 Rc6 32. Rb7 Kd8 33. Ne5 Rc7 34. Nf7+ Kc8 35. Rxc7+ Kxc7 36. Nxh6 Kd6 37. Kd2 Kd5 38. Kd3 e5 39. fxe5 Kxe5 40. Nf7+ Ke6 41. Ng5+ Kf6 42. Nh3 Bc6 43. Ke3 Be4 44. c3 Ke5 45. Nf4 Bc6 46. b4 cxb4 47. axb4 Be8 48. h4 Bf7 49. h5 Kf6 50. Kd4 Kg5 51. Kc5 Bxh5 52. Kb6 Be8 53. Kxa6 Kg4 54. Ne2 Bd7 55. Kb6 Kf3 56. Kc7 Kxe2 57. Kxd7 Kf3 58. Ke6 Kxg3 59. Kxf5 Kf3 60. Ke5 1-0


[Site "https://www.chess.com"]

[Event "Titled Tuesday Blitz December 13 Late 2022"]
[White "Gritsenko, Nikolai"]
[Black "Jobava, Baadur"]
[WhiteFideId "14112493"]
[BlackFideId "13601520"]
[WhiteElo "2389"]
[BlackElo "2582"]
[Result "1/2-1/2"]
[Round "03"]
[TimeControl "180+1"]
[Date "2022.12.13"]
[WhiteClock "0:00:06"]
[BlackClock "0:00:25"]

1. d4 Nf6 2. Bg5 e6 3. Nd2 h6 4. Bh4 d5 5. e3 Be7 6. Bd3 c5 7. c3 b6 8. f4 O-O 9. Qe2 a5 10. Ngf3 Ba6 11. Bxf6 Bxf6 12. O-O Bxd3 13. Qxd3 Nc6 14. a4 Rc8 15. Ne5 Ne7 16. Ndf3 Nf5 17. g4 Nd6 18. Rf2 Ne4 19. Rg2 Bxe5 20. dxe5 f6 21. exf6 Qxf6 22. g5 hxg5 23. Nxg5 Nxg5 24. Rxg5 d4 25. Kh1 dxc3 26. bxc3 Rcd8 27. Qe4 Rf7 28. Rag1 Kf8 29. Re5 Re7 30. Qh7 Qh6 31. Qxh6 gxh6 32. Rg6 Rd3 33. Rgxe6 Rxe6 34. Rxe6 Rxc3 35. Rxb6 Rxe3 36. Rxh6 Re4 37. Rc6 Rxf4 38. Rxc5 Rxa4 39. Rc7 Ra2 40. h4 Ra4 41. Ra7 Rxh4+ 42. Kg1 Ra4 43. Kf1 Ra1+ 44. Ke2 a4 45. Kd2 a3 46. Kc2 a2 47. Kb2 Rh1 48. Rxa2 Rh2+ 49. Kb3 Rxa2 50. Kxa2 1/2-1/2


[Site "https://www.chess.com"]

[Event "Titled Tuesday Blitz December 13 Late 2022"]
[White "Grot, Blazej"]
[Black "Sivakumar, Shaaketh"]
[WhiteFideId "21835845"]
[BlackFideId "30940176"]
[WhiteElo "1823"]
[BlackElo "2174"]
[Result "1-0"]
[Round "03"]
[TimeControl "180+1"]
[Date "2022.12.14"]
[WhiteClock "0:00:25"]
[BlackClock "0:00:02"]

1. e4 e6 2. d3 d5 3. Nd2 c5 4. Ngf3 Ne7 5. g3 Nbc6 6. Bg2 g6 7. O-O Bg7 8. c3 O-O 9. Qc2 b5 10. Re1 a5 11. Nf1 b4 12. h4 h6 13. e5 a4 14. N1h2 a3 15. bxa3 bxc3 16. Ng4 Nf5 17. Qxc3 Qa5 18. Qxa5 Rxa5 19. Nf6+ Bxf6 20. exf6 Ba6 21. g4 Nfd4 22. Bxh6 Rb8 23. Rab1 Rxb1 24. Rxb1 Ne2+ 25. Kh2 Nc3 26. Rb6 Bb5 27. Rb7 Ra7 28. Rb6 Ra6 29. Rb7 Bxd3 30. Rc7 Na7 31. Rd7 Nc6 32. Ne5 Nxe5 33. Rd8+ Kh7 34. Bg7 Nxg4+ 35. Kg3 g5 36. Kxg4 gxh4 37. Kg5 Ne4+ 38. Bxe4+ Bxe4 39. Rh8# 1-0


[Site "https://www.chess.com"]

[Event "Titled Tuesday Blitz December 13 Late 2022"]
[White "Gutkin, Ilya"]
[Black "De VJunior, Liduino Furtado"]
[WhiteFideId "16203470"]
[BlackFideId "2109913"]
[WhiteElo "2265"]
[BlackElo "2050"]
[Result "1-0"]
[Round "03"]
[TimeControl "180+1"]
[Date "2022.12.14"]
[WhiteClock "0:02:10"]
[BlackClock "0:01:31"]

1. Nf3 Nf6 2. g3 d5 3. Bg2 c5 4. O-O e6 5. c4 d4 6. d3 Nc6 7. e3 Be7 8. exd4 Nxd4 9. Nxd4 Qxd4 10. Nc3 O-O 11. Be3 Qd8 12. d4 cxd4 13. Qxd4 Qxd4 14. Bxd4 Rd8 15. Rfd1 a6 16. Bb6 Rxd1+ 17. Rxd1 Kf8 18. Na4 Bd7 19. Nc5 Bc6 20. Bxc6 bxc6 21. Nd7+ Nxd7 22. Rxd7 Rb8 23. c5 Ke8 24. Ra7 Bd8 25. Rxa6 Bxb6 26. Rxb6 Ra8 27. a3 Rc8 28. a4 Kd7 29. Rb7+ Ke8 30. b4 Rd8 31. a5 Ra8 32. f4 h5 33. Kf2 g6 34. Ke3 Rd8 35. a6 1-0


[Site "https://www.chess.com"]

[Event "Titled Tuesday Blitz December 13 Late 2022"]
[White "Hajiyev, Kanan"]
[Black "Adel, Sara"]
[WhiteFideId "13404148"]
[BlackFideId "10616764"]
[WhiteElo "2118"]
[BlackElo "1997"]
[Result "0-1"]
[Round "03"]
[TimeControl "180+1"]
[Date "2022.12.14"]
[WhiteClock "0:00:42"]
[BlackClock "0:01:50"]

1. d4 Nf6 2. c4 g6 3. Nf3 Bg7 4. g3 d6 5. Bg2 O-O 6. O-O Nc6 7. b3 e5 8. Bb2 Ne8 9. dxe5 Bg4 10. exd6 Bxb2 11. Nbd2 Bxa1 12. Qxa1 Qxd6 13. Ne4 Qe7 14. Nfd2 Qe5 15. Qc1 Bf5 16. Nc3 Nd4 17. e3 Nc6 18. Nf3 Qg7 19. Nd5 Be4 20. Nf4 Bxf3 21. Bxf3 Nf6 22. h4 Ne5 23. Bxb7 Rad8 24. Bg2 Nd3 25. Qa3 Nxf4 26. exf4 Rd2 27. Qxa7 Re8 28. a4 Ng4 29. Bf3 h5 30. Qxc7 Nxf2 31. Bg2 Qd4 32. Kh2 Ng4+ 33. Kh3 Rxg2 34. Kxg2 Re2+ 0-1


[Site "https://www.chess.com"]

[Event "Titled Tuesday Blitz December 13 Late 2022"]
[White "Han, Yichen"]
[Black "Arbunic Castro, Giovanna"]
[WhiteFideId "1054430"]
[BlackFideId "3400549"]
[WhiteElo "2323"]
[BlackElo "1952"]
[Result "1-0"]
[Round "03"]
[TimeControl "180+1"]
[Date "2022.12.14"]
[WhiteClock "0:01:37"]
[BlackClock "0:00:04"]

1. Nf3 Nf6 2. g3 g6 3. Bg2 Bg7 4. O-O O-O 5. c4 d6 6. Nc3 e5 7. e4 c6 8. d3 Re8 9. h3 d5 10. cxd5 cxd5 11. Bg5 d4 12. Nd5 Nbd7 13. Rc1 Rb8 14. Qd2 h6 15. Bxh6 Nxd5 16. exd5 Nb6 17. h4 Nxd5 18. h5 Be6 19. Nh4 Ne3 20. Bxe3 dxe3 21. Qxe3 gxh5 22. Be4 Qf6 23. Rc7 Bh6 24. Qf3 Qg5 25. Bf5 Bxf5 26. Nxf5 Bf8 27. Nd6 Re7 28. Ne4 Qg6 29. Nf6+ Kg7 30. Nxh5+ Kh6 31. Rc4 e4 32. Qf4+ Kxh5 33. Qh4# 1-0


[Site "https://www.chess.com"]

[Event "Titled Tuesday Blitz December 13 Late 2022"]
[White "Hirneise, Jens"]
[Black "Rian, Kapriaga"]
[WhiteFideId "24614734"]
[BlackFideId "7103263"]
[WhiteElo "2345"]
[BlackElo "2280"]
[Result "1-0"]
[Round "03"]
[TimeControl "180+1"]
[Date "2022.12.14"]
[WhiteClock "0:02:01"]
[BlackClock "0:01:18"]

1. d4 f5 2. Nc3 Nf6 3. Bg5 d5 4. Bxf6 exf6 5. e3 c6 6. Nge2 Bd6 7. g3 O-O 8. h4 h5 9. Nf4 Bxf4 10. gxf4 Be6 11. Qxh5 Qe8 12. Qf3 Nd7 13. h5 b5 14. Bd3 b4 15. Na4 Qe7 16. Qh3 c5 17. Nxc5 Nxc5 18. dxc5 Qxc5 19. Bxf5 Bxf5 20. Qxf5 Rfe8 21. O-O-O Rad8 22. h6 Re7 23. hxg7 Rxg7 24. Qe6+ 1-0


[Site "https://www.chess.com"]

[Event "Titled Tuesday Blitz December 13 Late 2022"]
[White "Ibarra Jerez, Jose Carlos"]
[Black "Krastev, Alexander"]
[WhiteFideId "2226332"]
[BlackFideId "12989983"]
[WhiteElo "2866"]
[BlackElo "2486"]
[Result "1-0"]
[Round "03"]
[TimeControl "180+1"]
[Date "2022.12.14"]
[WhiteClock "0:01:04"]
[BlackClock "0:00:04"]

1. e4 c5 2. Nc3 g6 3. Nf3 Bg7 4. d4 cxd4 5. Nxd4 Nc6 6. Be3 Nf6 7. Bc4 O-O 8. Bb3 Re8 9. f3 e6 10. f4 d6 11. Ndb5 Re7 12. O-O Rd7 13. Qf3 a6 14. Nd4 Nxd4 15. Bxd4 b5 16. f5 gxf5 17. exf5 Bb7 18. Qg3 e5 19. Be3 Kh8 20. Bg5 Qb6+ 21. Kh1 Rg8 22. Qh4 Qc6 23. Rf3 Ne4 24. Bd5 Qxd5 25. Nxd5 Bxd5 26. Rh3 Nxg5 27. Qxg5 f6 28. Qg6 h6 29. Rxh6+ Bxh6 30. Qxh6+ Rh7 31. Qxf6+ Rhg7 32. Rg1 Be4 33. Qh4+ 1-0


[Site "https://www.chess.com"]

[Event "Titled Tuesday Blitz December 13 Late 2022"]
[White "Itkis, Boris"]
[Black "Al-Tarboush, Ward"]
[WhiteFideId "1209167"]
[BlackFideId "7601450"]
[WhiteElo "2216"]
[BlackElo "2263"]
[Result "0-1"]
[Round "03"]
[TimeControl "180+1"]
[Date "2022.12.14"]
[WhiteClock "0:00:04"]
[BlackClock "0:00:57"]

1. c4 c5 2. Nf3 Nc6 3. Nc3 e5 4. e3 Nf6 5. d4 e4 6. d5 exf3 7. dxc6 dxc6 8. Qxd8+ Kxd8 9. gxf3 Be7 10. b3 Be6 11. Bb2 Kc7 12. O-O-O Rhd8 13. Be2 Rxd1+ 14. Rxd1 Rd8 15. Rxd8 Kxd8 16. f4 Bf5 17. Kd2 h5 18. f3 h4 19. e4 Bd7 20. Ke3 Nh5 21. Nd1 g5 22. f5 f6 23. Nf2 Nf4 24. Ng4 Nh5 25. Bf1 b5 26. Bd3 Ke8 27. e5 fxe5 28. Bxe5 Kf7 29. f4 gxf4+ 30. Bxf4 Nxf4 31. Kxf4 Bd6+ 32. Kg5 h3 33. Kh4 a5 34. Kxh3 a4 35. bxa4 bxa4 36. Kh4 Bf4 37. Kh3 a3 38. Kg2 Be8 39. h4 Ke7 40. Kf3 Bc1 41. Be4 Bh5 42. Bxc6 Kd6 43. Be4 Bf7 44. Bd3 Be8 45. Nf6 Bc6+ 46. Ne4+ Ke5 47. f6 Bh6 48. f7 Kf5 49. h5 Ke5 50. Bc2 Kd4 51. Kg4 Bxe4 0-1


[Site "https://www.chess.com"]

[Event "Titled Tuesday Blitz December 13 Late 2022"]
[White "Janaszak, Dawid"]
[Black "Polster, Christian"]
[WhiteFideId "1119206"]
[BlackFideId "12965081"]
[WhiteElo "2220"]
[BlackElo "2195"]
[Result "1-0"]
[Round "03"]
[TimeControl "180+1"]
[Date "2022.12.14"]
[WhiteClock "0:00:22"]
[BlackClock "0:00:06"]

1. d4 Nf6 2. Bf4 d5 3. Nf3 c5 4. e3 Nc6 5. Nbd2 Qb6 6. dxc5 Qxb2 7. Rb1 Qa3 8. Bb5 Qxc5 9. c4 e6 10. Ne5 a6 11. Qa4 Bd7 12. O-O Rc8 13. Nxd7 Nxd7 14. Bxc6 Qxc6 15. Qxc6 bxc6 16. Rb7 e5 17. Bg3 Bd6 18. Ra7 a5 19. cxd5 cxd5 20. Rxa5 Bb4 21. Rxd5 Rc2 22. Nf3 f6 23. Rfd1 Rc7 24. Rb5 Be7 25. Nd4 Kf7 26. Nf5 Rb8 27. Ra5 Rb2 28. h4 Nc5 29. Rc1 Ne4 30. Rxc7 1-0


[Site "https://www.chess.com"]